AoeStats
← 『a』『n』『d』『y』

Arena

507960474Analyzed
1v1 RM · 13d ago on Sep 20, 2026· 55m 47s· 2 players
Game mode
Random Map
Map size
Tiny (2 player)
Population
200
Speed
Normal
Resources
Standard
Victory
Conquest
Starting age
Dark Age
Ending age
Imperial Age
RankedLock teamsTeams togetherTeam positionsShared explorationLock speedFull tech treeHidden civsTurbo modeCheats
Victory
Defeat
🇬🇧 Hindustanis · United Kingdom
895
+15
🇪🇸 Portuguese · Spain
878
-15
CarritONLY
14:39 Feudal Age
17:04 Double-Bit Axe
19:25 Castle Age
22:08 Loom
28:22 Wheelbarrow
27:44 Loom
28:37 Wheelbarrow
28:00 Horse Collar
28:35 Fletching
31:44 Imperial Age
29:41 Ballistics
29:19 Bodkin Arrow
30:37 Thumb Ring
29:54 Crossbowman
31:15 Padded Archer Armor
36:25 Bow Saw
36:27 Bracer
36:42 Leather Archer Armor
37:54 Chemistry
38:44 Ring Archer Armor
38:55 Forging
38:46 Scale Mail Armor
38:50 Gold Mining
38:50 Stone Mining
40:47 Siege Engineers
43:19 Arbalester
44:43 Conscription
53:50 Two-Man Saw
『a』『n』『d』『y』
9:24 Loom
11:41 Feudal Age
13:13 Double-Bit Axe
13:09 Horse Collar
15:59 Castle Age
16:35 Scale Barding Armor
17:14 Bow Saw
17:05 Heavy Plow
17:32 Bloodlines
23:27 Husbandry
26:04 Wheelbarrow
25:14 Town Watch
26:58 Gold Mining
28:33 Hand Cart
28:19 Town Patrol
32:03 Imperial Age
30:38 Forging
30:48 Chain Barding Armor
30:22 Fletching
33:15 Iron Casting
32:08 Siege Elephant
34:08 Plate Barding Armor
33:07 Heavy Camel Rider
35:45 Chemistry
35:48 Bodkin Arrow
36:54 Blast Furnace
36:22 Padded Archer Armor
36:47 Bracer
36:15 Elite Skirmisher
37:03 Thumb Ring
37:32 Imperial Camel Rider
39:06 Gold Shaft Mining
38:22 Stone Mining
39:45 Two-Man Saw
39:33 Conscription
40:07 Leather Archer Armor
41:19 Ring Archer Armor
43:02 Shatagni
44:12 Siege Engineers
44:29 Ballistics
46:39 Masonry
55:27 Murder Holes
Connection lost

Rejoining the realm…

Still unreachable

The connection could not be restored.

Session expired

The server has moved on; the page needs a fresh start.